 Dungeon Crawl Stone Soup version 0.30-a0-358-g0d69a1922f (webtiles) character file.

Game seed: 15198079527843176603

8871 Bnni the Spear-Bearer (level 11, -4/104 HPs)
             Began as a Hill Orc Monk on Nov 9, 2022.
             Was an Elder of Beogh.
             Slain by an orc knight
             ... wielding a +0 dire flail
              (16 damage)
             ... on level 10 of the Dungeon.
             The game lasted 00:26:10 (11451 turns).

Bnni the Spear-Bearer (Hill Orc Monk)              Turns: 11451, Time: 00:26:12

Health: -4/104     AC: 16    Str: 25    XL:     11   Next: 37%
Magic:  15/17      EV:  2    Int: 10    God:    Beogh [****..]
Gold:   226        SH:  8    Dex: 13    Spells: 10/10 levels left

rFire   . . .      SeeInvis .    E - +5 trident (venom)
rCold   . . .      Faith    .    Q - +0 kite shield
rNeg    . . .      Spirit   .    M - +0 crystal plate armour
rPois   +          Reflect  .    u - +1 helmet
rElec   .          Harm     .    (no cloak)
rCorr   .          Rampage  .    (no gloves)
Will    .....                    (no boots)
Stlth   ..........               z - amulet of regeneration
HPRegen 1.17/turn                i - +6 ring of strength
MPRegen 0.15/turn                l - ring of poison resistance

@: no status effects
A: no striking features
a: Renounce Religion, Smiting, Recall Orcish Followers


You were on level 10 of the Dungeon.
You worshipped Beogh.
Beogh was greatly pleased with you.
You visited 2 branches of the dungeon, and saw 11 of its levels.
You also visited: Sewer and Bailey.

You collected 1026 gold pieces.
You spent 800 gold pieces at shops.

Inventory:

Hand Weapons
 e - a +1 trident of venom
 f - a +4 halberd of venom
 E - a +5 trident of venom (weapon)
 H - a +4 halberd
 J - a +0 glaive
Missiles
 v - 3 curare-tipped darts
 I - 6 throwing nets (quivered)
 K - 3 atropa-tipped darts
 O - 12 poisoned darts
Armour
 u - a +1 helmet (worn)
 M - a +0 crystal plate armour (worn)
 Q - a +0 kite shield (worn)
Jewellery
 h - a ring of protection from cold
 i - a +6 ring of strength (left hand)
 l - a ring of poison resistance (right hand)
 m - an amulet of reflection
 z - an amulet of regeneration (around neck)
Wands
 c - a wand of digging (7)
 x - a wand of flame (28)
Scrolls
 a - 2 scrolls of poison {unknown}
 b - 2 scrolls of blinking {unknown}
 d - 2 scrolls of amnesia
 k - 3 scrolls of fear
 n - 6 scrolls of teleportation
 o - 3 scrolls of magic mapping
 w - 3 scrolls of noise {unknown}
 y - a scroll of enchant armour {unknown}
 A - 2 scrolls of butterflies {unknown}
 B - a scroll of immolation {unknown}
 C - a scroll of enchant weapon {unknown}
 G - a scroll of vulnerability {unknown}
 R - a scroll of brand weapon {unknown}
Potions
 g - 5 potions of flight
 j - a potion of cancellation
 p - a potion of berserk rage
 q - 3 potions of brilliance
 r - 2 potions of magic
 s - 2 potions of lignification
 t - 3 potions of attraction
 D - 2 potions of haste
 F - a potion of mutation
 N - 2 potions of might
Miscellaneous
 L - a condenser vane


   Skills:
 + Level 11.6 Fighting
 - Level 14.2 Polearms
 - Level 2.4 Dodging
 - Level 1.5 Stealth
 * Level 3.1 Shields
 + Level 8.7 Invocations


You had 10 spell levels left.
You didn't know any spells.
Your spell library contained the following spells:

 Spells                   Type           Power      Damage    Failure   Level
 Sting                    Tmut/Pois      0%         1d3       100%        1
 Ensorcelled Hibernation  Hex/Ice        0%         N/A       100%        2
 Passwall                 Tmut/Erth      0%         N/A       100%        2
 Poisonous Vapours        Pois/Air       0%         N/A       100%        2
 Ozocubu's Armour         Ice            0%         N/A       100%        3
 Swiftness                Air            0%         N/A       100%        3
 Olgreb's Toxic Radiance  Pois           0%         N/A       100%        4
 Metabolic Englaciation   Hex/Ice        0%         N/A       100%        5
 Simulacrum               Ice/Necr       0%         N/A       100%        6


Dungeon Overview and Level Annotations

Branches:
Dungeon (10/15)            Temple (1/1) D:6             Orc (0/2) D:9
  Sewer (visited)          Bailey (visited)
   Lair: D:8-11

Altars:
Ashenzari
Cheibriados
Dithmenos
Elyvilon
Fedhas
Gozag
Hepliaklqana
Kikubaaqudgha
Makhleb
Nemelex Xobeh
Okawaru
Qazlal
Ru
Trog
Uskayaw
Vehumet
Wu Jian
Xom
Yredelemnul
Zin
The Shining One
Beogh

Shops:
D:4 *   D:6 (


Message History

Your orcs go into a battle-frenzy!
The troll barely misses you. x2; You block the troll's attack.
The orc knight hits you with a +0 dire flail.
You hit the troll.
The troll looks as sick as possible!
The troll is severely wounded.
Murdo hits the troll with a +1 long sword!
The troll dies!
Beogh accepts your kill.
Murdo looks more experienced.
The howler monkey hits you but does no damage.
Your Shields skill increases to level 3!
You closely miss the howler monkey.
The orc knight hits you with a +0 dire flail!!
* * * LOW HITPOINT WARNING * * *
Your orc misses the howler monkey.
The howler monkey hits you but does no damage.
Unknown command.
Unknown command.
You hit the orc knight.
The orc knight looks as sick as possible!
The orc knight is moderately wounded.
Your orc knight hits the howler monkey with a +2 vampiric whip!
The orc knight hits you with a +0 dire flail!
* * * LOW HITPOINT WARNING * * *
The howler monkey barely misses your orc knight.
Your orc barely misses the howler monkey.
Okay, then.
Throw: 7 throwing nets
Press: ? - help, Shift-Dir - straight line, f - orc knight
Aim: an orc knight, wielding a +0 dire flail and wearing a +0 chain mail (moderately wounded, extremely poisoned, 60% to hit)
You throw a throwing net.
The throwing net barely misses the orc knight.
The throwing net hits the howler monkey.
The howler monkey is caught in the net!
The howler monkey struggles against the net.
The howler monkey hoots and howls with incredible vigour!
Your orc knight misses the howler monkey.
The orc knight hits you with a +0 dire flail!
You die...
Beogh appreciates the orc knight's killing of a heretic priest.

###o.......# #####
##.)........# #..#########
###.### # #.....# #
#.....# ### #### #.....#
...## ##...
...#...o.#.....# ###....
...'.)8o@†.....# ##.'....
...#..oho#.....###..#....
...##....h##...###..##....
### ###'### #### #.###....
... #.# #.... ...
########.####### #..h
#.........# #...
#.........# #.........#


You could see an orc knight (extremely poisoned), 2 howler monkeys, a friendly
orc knight, the friendly Murdo the orc priest (strong) and a friendly orc
(strong).

Vanquished Creatures
  Amaemon (D:8)
  Pikel (D:8)
  A manticore (D:10)
  Joseph (D:8)
  2 kobold demonologists (D:9)
  A troll (D:9)
  Grinder (D:3)
  2 wyverns (D:8)
  Grum (Bailey)
  A water moccasin (D:5)
  An acid dragon (D:9)
  2 black bears
  Pargi (Sewer)
  3 sky beasts (D:7)
  2 ice beasts
  2 orc warriors
  4 ogres
  2 centaurs
  7 wolves (Bailey)
  A lemure (D:8)
  A phantom (D:6)
  A kobold brigand (D:10)
  11 gnoll sergeants
  2 necrophages
  8 scorpions
  3 wights (D:8)
  4 killer bees (D:10)
  7 hounds
  3 jellies (D:6)
  9 gnoll boudas
  4 iguanas
  5 orc wizards
  A mummy (D:4)
  Robin (D:4)
  44 gnolls
  10 adders
  A white imp (D:5)
  An ufetubus (D:5)
  4 worms
  A dart slug (D:4)
  30 orcs
  5 ball pythons
  12 bats
  3 endoplasms
  2 giant cockroaches
  16 goblins
  12 hobgoblins
  4 quokkas
  2 frilled lizards
  17 kobolds
  7 rats
268 creatures vanquished.

Vanquished Creatures (collateral kills)
  An orange demon (D:8)
  A troll (D:10)
  2 centaurs
  4 kobold brigands (D:9)
  A gnoll sergeant (D:9)
  5 gnolls
  4 orcs
  5 kobolds
23 creatures vanquished.

Vanquished Creatures (others)
  2 orc warriors (D:9)
  An orc priest (D:8)
  An orc wizard (D:9)
  13 orcs
17 creatures vanquished.

Grand Total: 308 creatures vanquished

Notes
Turn   | Place    | Note
-------+----------+-------------------------------------------
     0 | D:1      | Bnni the Hill Orc Monk began the quest for the Orb.
     0 | D:1      | Reached XP level 1. HP: 19/19 MP: 1/1
   160 | D:1      | Reached XP level 2. HP: 8/27 MP: 2/2
   678 | D:1      | Reached skill level 4 in Polearms
   873 | D:2      | Found a roughly hewn altar of Beogh.
   977 | D:2      | Found a faded altar of an unknown god.
  1024 | D:2      | Reached XP level 3. HP: 33/33 MP: 3/3
  1043 | D:2      | Found a hazy altar of Hepliaklqana.
  1404 | D:2      | Noticed a necrophage
  1426 | D:2      | Killed a necrophage
  1427 | D:2      | Reached skill level 5 in Polearms
  1427 | D:2      | Reached XP level 4. HP: 35/41 MP: 4/4
  1456 | D:2      | Reached XP level 5. HP: 47/47 MP: 5/5
  1809 | D:3      | Noticed Grinder
  1821 | D:3      | Killed Grinder
  1822 | D:3      | Reached skill level 5 in Fighting
  1822 | D:3      | Reached skill level 6 in Polearms
  1822 | D:3      | Reached XP level 6. HP: 31/57 MP: 6/6
  2309 | D:3      | Found a glowing golden altar of the Shining One.
  2527 | D:4      | Found Camust's General Store.
  2539 | D:4      | Reached skill level 7 in Polearms
  2631 | D:4      | Noticed a black bear
  2639 | D:4      | Reached XP level 7. HP: 59/63 MP: 7/7
  2879 | D:4      | Noticed Robin
  2928 | D:4      | Killed Robin
  3062 | D:4      | Found a glowing drain.
  3073 | Sewer    | Entered a sewer
  3086 | Sewer    | Noticed Pargi
  3099 | Sewer    | Killed Pargi
  3100 | Sewer    | Reached skill level 8 in Polearms
  3299 | D:4      | Found a shadowy altar of Dithmenos.
  3299 | D:4      | Found a burning altar of Makhleb.
  3304 | D:4      | Found a sacrificial altar of Ru.
  3307 | D:4      | Found an ancient bone altar of Kikubaaqudgha.
  3308 | D:4      | Found an opulent altar of Gozag.
  3887 | D:5      | Entered Level 5 of the Dungeon
  3895 | D:5      | Reached XP level 8. HP: 73/73 MP: 8/8
  4011 | D:5      | Reached skill level 9 in Polearms
  4780 | D:5      | Reached skill level 10 in Polearms
  4874 | D:5      | Identified the +1 leather armour "Sauklueg" {Str+3}
  5441 | D:6      | Reached XP level 9. HP: 82/82 MP: 9/9
  5494 | D:6      | Found a staircase to the Ecumenical Temple.
  5510 | Temple   | Entered the Ecumenical Temple
  5761 | D:2      | Became a worshipper of Beogh the Brigand
  5761 | D:2      | Reached * piety under Beogh
  5761 | D:2      | Reached ** piety under Beogh
  5891 | D:6      | Found a white marble altar of Elyvilon.
  5919 | D:6      | Reached skill level 1 in Invocations
  6182 | D:6      | Reached skill level 11 in Polearms
  6448 | D:6      | Found Geiha's Weapon Shop.
  7759 | D:8      | Found a flagged portal.
  7773 | Bailey   | Entered a bailey
  7777 | Bailey   | Reached *** piety under Beogh
  7781 | Bailey   | Reached skill level 12 in Polearms
  8025 | Bailey   | Reached skill level 5 in Invocations
  8032 | Bailey   | Reached XP level 10. HP: 13/92 MP: 13/13
  8333 | Bailey   | Noticed Grum
  8412 | Bailey   | Reached skill level 10 in Fighting
  8468 | Bailey   | Killed Grum
  8857 | D:4      | Bought a +0 crystal plate armour for 800 gold pieces
  9014 | D:8      | Noticed Joseph
  9025 | D:8      | Noticed Pikel
  9029 | D:8      | Killed Joseph
  9030 | D:8      | Reached skill level 13 in Polearms
  9042 | D:8      | Killed Pikel
  9042 | D:8      | Reached **** piety under Beogh
  9799 | D:8      | Found a blossoming altar of Fedhas.
  9800 | D:8      | Noticed Amaemon
  9801 | D:8      | Noticed an orange demon
  9812 | D:8      | Killed Amaemon
  9820 | D:8      | Killed an orange demon
  9857 | D:8      | Identified the +2 dagger of Callousness {pain, rC+ Int+2
                  | Dex-4 Stlth+}
 10148 | D:8      | Reached XP level 11. HP: 102/102 MP: 16/16
 10470 | D:9      | Found a staircase to the Orcish Mines.
 10474 | D:9      | Reached skill level 14 in Polearms
 10895 | D:9      | Gained Murdo as an ally
 10896 | D:9      | Reached skill level 1 in Shields
 11227 | D:10     | Entered Level 10 of the Dungeon
 11437 | D:10     | Noticed a manticore
 11437 | D:10     | Noticed an orc knight
 11443 | D:10     | Killed a manticore
 11451 | D:10     | Slain by an orc knight

Illustrated notes

Levels and vault maps discovered:
D:1:      erik_arrival_blinker_ship, layout_basic, nrook_mini_vaults,
          minivault_4, minmay_misc_feat_enclosed
D:2:      layout_basic, basic_altar, hellmonk_ecumenical_altar_defaced_shrine
D:3:      layout_loops_ring, tso_altar, grunt_ministairs_6, uniq_grinder
D:4:      layout_loops_corners, chequers_temple_overflow_minitemple,
          serial_shops, nicolae_stop_n_shop_1, portal_sewer_entry_b,
          gup_ossuary_entry_pyramid, hangedman_feature_mirror,
          hangedman_abyss_or_decor_slice, uniq_robin
D:5:      layout_loops_corners
D:6:      kennysheep_spiral_hall, layout_loops_ring, elyvilon_altar_3,
          minmay_temple_entry_offerings, kennysheep_windowed_goal
D:7:      layout_rooms
D:8:      layout_basic, old_standard_altar, enter_bailey_2, uniq_joseph,
          uniq_amaemon, uniq_pikel
D:9:      layout_cave_pods, kennysheep_orc_monster_closet_entryway
D:10:     layout_basic, nicolae_sif_muna_little_library,
          amcnicky_mini_pool_small, minmay_three_doors
Temple:   nicolae_temple_god_jail

Skill      XL: |  1  2  3  4  5  6  7  8  9 10 11 |
---------------+----------------------------------+-----
Fighting       | 4 5 6 7 8 9 11 | 11.6
Polearms       | 4 5 6 7 8 10 12 13 14 | 14.2
Invocations    | 5 7 8 |  8.7
Shields        | 3 |  3.1
Dodging        | |  2.4
Stealth        | |  1.5

Action                   |  1- 3 |  4- 6 |  7- 9 | 10-12 || total
-------------------------+-------+-------+-------+-------++-------
Melee: Spear             |    74 |       |       |       ||    74
       Trident           |    58 |   111 |     7 |    84 ||   260
       Punch             |     3 |     2 |     6 |       ||    11
       Dagger            |       |    23 |   208 |       ||   231
       Halberd           |       |       |   311 |   179 ||   490
Throw: Throwing net      |       |       |     1 |     1 ||     2
Invok: Smiting           |       |       |       |     2 ||     2
  Use: Potion            |     5 |     1 |     3 |     4 ||    13
       Scroll            |       |       |     9 |     4 ||    13
 Stab: Sleeping          |     2 |     1 |     1 |       ||     4
       Distracted        |       |       |     1 |       ||     1
Armor: Robe              |     2 |       |       |       ||     2
       Ring mail         |    37 |    54 |   170 |    16 ||   277
       Skin              |       |       |    42 |       ||    42
       Crystal plate arm |       |       |       |   108 ||   108
Dodge: Dodged            |    69 |    50 |   217 |    66 ||   402
Block: Other             |       |    20 |   118 |    20 ||   158
       Reflection        |       |     1 |     3 |       ||     4
       Kite shield       |       |       |       |    30 ||    30

Table legend: (Time is in decaauts)
 A = Elapsed time spent in this place.
 B = Non-inter-level travel time spent in this place.
 C = Inter-level travel time spent in this place.
 D = Time resting spent in this place.
 E = Time spent auto-exploring this place.
 F = Levels seen in this place.
 G = Mean time per level.
                   A        B        C        D        E       F      G
               +--------+--------+--------+--------+--------+-----+--------+
         Total |  11361 |  10634 |    727 |   1878 |   6465 |  13 |  873.9 |
       Dungeon |  10162 |   9448 |    714 |   1274 |   6266 |  10 | 1016.2 |
        Temple |     53 |     40 |     13 |      0 |      0 |   1 |   53.0 |
         Sewer |    180 |    180 |      0 |      0 |    121 |   1 |  180.0 |
        Bailey |    965 |    965 |      0 |    604 |     78 |   1 |  965.0 |
               +--------+--------+--------+--------+--------+-----+--------+

Top non-repeatable levels by time:
     D:5: 1568 daAuts
     D:8: 1511 daAuts
     D:4: 1297 daAuts
     D:6: 1117 daAuts
     D:7: 1004 daAuts
  Bailey: 965 daAuts
     D:2: 901 daAuts
     D:3: 881 daAuts
     D:9: 845 daAuts
     D:1: 819 daAuts
    D:10: 215 daAuts
   Sewer: 180 daAuts
  Temple: 53 daAuts
